3A
PUT-IN-BAY BC @ ALAMEDA AIRMEN
09/12/2029
 
TOP OF THE 1ST
Put-In-Bay BC batting - Pitching for Alameda Airmen : LHP Faisal bin Nabeel
Pitching: LHP Faisal bin Nabeel
Batting: RHB Andrew Cantrell 0-0: Called Strike
0-1: Foul Ball, location: 2F
0-2: SINGLE (Line Drive, 56)
Batting: RHB Steven Rohrs 0-0: DOUBLE (Flyball, 78D)
Andrew Cantrell to third
Batting: RHB Manny Bendixen 0-0: Ground out U3 (Groundball, 23)
Batting: SHB Theron Montecalvo 0-0: Called Strike
0-1: Called Strike
0-2: Fly out, F9 (Line Drive, 89D)
Runner from 3rd tags up, SCORES, no throw
Steven Rohrs to third
Batting: RHB Alejandro Márquez 0-0: Foul Ball, location: 2F
0-1: Ball
1-1: Swinging Strike
1-2: Strikes out swinging
Top of the 1st over - 1 run, 2 hits, 0 errors, 1 left on base; Put-In-Bay 1 - Alameda 0
BOTTOM OF THE 1ST
Alameda Airmen batting - Pitching for Put-In-Bay BC : RHP James Bennett
Pitching: RHP James Bennett
Batting: RHB Giuseppe Provolone 0-0: Fly out, F7 (Flyball, 78D)
Batting: LHB Ieyoshi Samurakami 0-0: Called Strike
0-1: Swinging Strike
0-2: Ball
1-2: Ball
2-2: Reached on error, E3 (Groundball, 3S)
Batting: LHB Ed Berry 0-0: Ball
1-0: SINGLE (Line Drive, 8LS)
Ieyoshi Samurakami to second
Batting: RHB Guus de Weerdt 0-0: Called Strike
0-1: Ball
1-1: Swinging Strike
1-2: Foul Ball, location: 2F
1-2: Strikes out swinging
Batting: LHB Rodrigo Rodríguez 0-0: Ball
1-0: Ball
2-0: SINGLE (Line Drive, 8RS)
Ieyoshi Samurakami to third
Ed Berry to second
Runner from 3rd tries for Home, SAFE, no throw
Batting: RHB Joaquín Lara 0-0: Foul Ball, location: 2F
0-1: Ball
1-1: Fielders Choice at 2nd, 6-4 (Groundball, 6)
Bottom of the 1st over - 1 run, 2 hits, 1 error, 2 left on base; Put-In-Bay 1 - Alameda 1
TOP OF THE 2ND
Put-In-Bay BC batting - Pitching for Alameda Airmen : LHP Faisal bin Nabeel
Batting: LHB Vladya Pugiev 0-0: Called Strike
0-1: Swinging Strike
0-2: Ball
1-2: Strikes out swinging
Batting: RHB Franklin Kelley 0-0: SINGLE (Groundball, 6D)
Batting: RHB Oscar McMillan 0-0: Ball
1-0: Foul Ball, location: 2F
1-1: Ball
2-1: Ball
3-1: DOUBLE (Flyball, 8LXD)
Franklin Kelley to third
Batting: RHB Steve Albright 0-0: Ball
1-0: Called Strike
1-1: Foul Ball, location: 2F
1-2: Ball
2-2: Strikes out swinging
Batting: RHB Andrew Cantrell 0-0: Ball
1-0: Swinging Strike
1-1: Ground out 6-3 (Groundball, 6M)
Top of the 2nd over - 0 runs, 2 hits, 0 errors, 2 left on base; Put-In-Bay 1 - Alameda 1
BOTTOM OF THE 2ND
Alameda Airmen batting - Pitching for Put-In-Bay BC : RHP James Bennett
Batting: RHB Mick Spargo 0-0: Ball
1-0: SINGLE (Groundball, 3D)
Batting: RHB Mike Capes 0-0: Called Strike
0-1: Ball
1-1: Ball
2-1: Fly out, F7 (Line Drive, 7S)
Batting: RHB Bob Houghton 0-0: Ball
Mick Spargo steals 2nd base
1-0: Called Strike
1-1: Foul Ball, location: 2F
1-2: Ground out 4-3 (Groundball, 4)
Mick Spargo to third
Batting: RHB Giuseppe Provolone 0-0: Called Strike
0-1: Ground out 1-3 (Groundball, P)
Bottom of the 2nd over - 0 runs, 1 hit, 0 errors, 1 left on base; Put-In-Bay 1 - Alameda 1
TOP OF THE 3RD
Put-In-Bay BC batting - Pitching for Alameda Airmen : LHP Faisal bin Nabeel
Batting: RHB Steven Rohrs 0-0: Foul Ball, location: 2F
0-1: Fly out, F8 (Flyball, 8RS)
Batting: RHB Manny Bendixen 0-0: Foul Ball, location: 2F
0-1: Ball
1-1: Ball
2-1: Foul Ball, location: 2F
2-2: Foul Ball, location: 2F
2-2: Ball
3-2: Strikes out swinging
Batting: SHB Theron Montecalvo 0-0: Ball
1-0: Ground out 5-3 (Groundball, 5S)
Top of the 3rd over - 0 runs, 0 hits, 0 errors, 0 left on base; Put-In-Bay 1 - Alameda 1
BOTTOM OF THE 3RD
Alameda Airmen batting - Pitching for Put-In-Bay BC : RHP James Bennett
Batting: LHB Ieyoshi Samurakami 0-0: Ball
1-0: Ball
2-0: Called Strike
2-1: Foul Ball, location: 2F
2-2: DOUBLE (Flyball, 8LXD)
Batting: LHB Ed Berry 0-0: Ball
1-0: Swinging Strike
1-1: Ball
2-1: SINGLE (Line Drive, 8LS)
Ieyoshi Samurakami to third
Batting: RHB Guus de Weerdt 0-0: Called Strike
0-1: Swinging Strike
0-2: Ball
1-2: Ball
2-2: Ball
3-2: Grounds into double play, 6-4-3 (Groundball, 6)
Ieyoshi Samurakami scores
Batting: LHB Rodrigo Rodríguez 0-0: Ball
1-0: Foul Ball, location: 2F
1-1: Fly out, F7 (Flyball, 7LM)
Bottom of the 3rd over - 1 run, 2 hits, 0 errors, 0 left on base; Put-In-Bay 1 - Alameda 2
TOP OF THE 4TH
Put-In-Bay BC batting - Pitching for Alameda Airmen : LHP Faisal bin Nabeel
Batting: RHB Alejandro Márquez 0-0: Ball
1-0: Ball
2-0: Called Strike
2-1: Foul Ball, location: 2F
2-2: Ground out 5-3 (Groundball, 5S)
Batting: LHB Vladya Pugiev 0-0: Foul Ball, location: 2F
0-1: Fly out, F8 (Flyball, 8LM)
Batting: RHB Franklin Kelley 0-0: Swinging Strike
0-1: Swinging Strike
0-2: Foul Ball, location: 2F
0-2: Ball
1-2: Ball
2-2: Ball
3-2: Strikes out swinging
Top of the 4th over - 0 runs, 0 hits, 0 errors, 0 left on base; Put-In-Bay 1 - Alameda 2
BOTTOM OF THE 4TH
Alameda Airmen batting - Pitching for Put-In-Bay BC : RHP James Bennett
Batting: RHB Joaquín Lara 0-0: Swinging Strike
0-1: Ball
1-1: Called Strike
1-2: Ball
2-2: Strikes out swinging
Batting: RHB Mick Spargo 0-0: Called Strike
0-1: Ball
1-1: Ball
2-1: Foul Ball, location: 2F
2-2: SINGLE (Groundball, 56) (infield hit)
Batting: RHB Mike Capes 0-0: Ball
1-0: Called Strike
Mick Spargo steals 2nd base
1-1: Foul Ball, location: 2F
1-2: Strikes out swinging
Batting: RHB Bob Houghton 0-0: Fly out, F9 (Flyball, 9LSF)
Bottom of the 4th over - 0 runs, 1 hit, 0 errors, 1 left on base; Put-In-Bay 1 - Alameda 2
TOP OF THE 5TH
Put-In-Bay BC batting - Pitching for Alameda Airmen : LHP Faisal bin Nabeel
Batting: RHB Oscar McMillan 0-0: Called Strike
0-1: Ground out 5-3 (Groundball, 25)
Batting: RHB Steve Albright 0-0: Ball
1-0: Called Strike
1-1: Called Strike
1-2: Strikes out swinging
Batting: RHB Andrew Cantrell 0-0: Ball
1-0: SINGLE (Groundball, 6MD)
Batting: RHB Steven Rohrs 0-0: Ball
1-0: Foul Ball, location: 2F
1-1: Ball
2-1: Fielders Choice at 2nd, 6-4 (Groundball, 6)
Top of the 5th over - 0 runs, 1 hit, 0 errors, 1 left on base; Put-In-Bay 1 - Alameda 2
BOTTOM OF THE 5TH
Alameda Airmen batting - Pitching for Put-In-Bay BC : RHP James Bennett
Batting: RHB Giuseppe Provolone 0-0: Ball
1-0: Ground out 6-3 (Groundball, 56)
Batting: LHB Ieyoshi Samurakami 0-0: Ball
1-0: SINGLE (Groundball, 34D)
Batting: LHB Ed Berry 0-0: Called Strike
0-1: Called Strike
0-2: Ball
1-2: Ball
2-2: Strikes out looking
Batting: RHB Guus de Weerdt 0-0: Ground out 4-3 (Groundball, 4)
Bottom of the 5th over - 0 runs, 1 hit, 0 errors, 1 left on base; Put-In-Bay 1 - Alameda 2
TOP OF THE 6TH
Put-In-Bay BC batting - Pitching for Alameda Airmen : LHP Faisal bin Nabeel
Batting: RHB Manny Bendixen 0-0: Foul Ball, location: 2F
0-1: Ball
1-1: Ball
2-1: Swinging Strike
2-2: Foul Ball, location: 2F
2-2: Ball
3-2: Foul Ball, location: 2F
3-2: Strikes out swinging
Batting: SHB Theron Montecalvo 0-0: Ground out 6-3 (Groundball, 6)
Batting: RHB Alejandro Márquez 0-0: SINGLE (Groundball, 6MD)
Batting: LHB Vladya Pugiev 0-0: Called Strike
0-1: Ground out 6-3 (Groundball, 6D)
Top of the 6th over - 0 runs, 1 hit, 0 errors, 1 left on base; Put-In-Bay 1 - Alameda 2
BOTTOM OF THE 6TH
Alameda Airmen batting - Pitching for Put-In-Bay BC : RHP James Bennett
Batting: LHB Rodrigo Rodríguez 0-0: Ball
1-0: Foul Ball, location: 2F
1-1: Foul Ball, location: 2F
1-2: Strikes out swinging
Batting: RHB Joaquín Lara 0-0: Called Strike
0-1: SINGLE (Line Drive, 6MD)
Batting: RHB Mick Spargo 0-0: Ball
1-0: Ball
2-0: Called Strike
2-1: Called Strike
2-2: Ball
3-2: Fly out, F9 (Flyball, 9LSF)
Batting: RHB Mike Capes 0-0: Fly out, F7 (Line Drive, 78D)
Bottom of the 6th over - 0 runs, 1 hit, 0 errors, 1 left on base; Put-In-Bay 1 - Alameda 2
TOP OF THE 7TH
Put-In-Bay BC batting - Pitching for Alameda Airmen : LHP Faisal bin Nabeel
Batting: RHB Franklin Kelley 0-0: Called Strike
0-1: Ball
1-1: Ball
2-1: Foul Ball, location: 2F
2-2: Foul Ball, location: 2F
2-2: Fly out, F7 (Flyball, 7)
Batting: RHB Oscar McMillan 0-0: Ball
1-0: Called Strike
1-1: Called Strike
1-2: Ball
2-2: Foul Ball, location: 2F
2-2: Ground out 4-3 (Groundball, 4MD)
Batting: RHB Steve Albright 0-0: Called Strike
0-1: Swinging Strike
0-2: Ground out 6-3 (Groundball, 6)
Top of the 7th over - 0 runs, 0 hits, 0 errors, 0 left on base; Put-In-Bay 1 - Alameda 2
BOTTOM OF THE 7TH
Alameda Airmen batting - Pitching for Put-In-Bay BC : RHP James Bennett
Batting: RHB Bob Houghton 0-0: SINGLE (Groundball, 34D)
Batting: RHB Giuseppe Provolone 0-0: Ball
1-0: Bunted foul
1-1: Sac Bunt - play at first, batter OUT! 1-4
Bob Houghton to second
Batting: LHB Ieyoshi Samurakami 0-0: Ground out 4-3 (Groundball, 34D)
Bob Houghton to third
Batting: LHB Ed Berry 0-0: Foul Ball, location: 2F
0-1: Called Strike
0-2: Ball
1-2: SINGLE (Flyball, 89S)
Bob Houghton scores
Batting: RHB Guus de Weerdt 0-0: Called Strike
0-1: Ball
1-1: Foul Ball, location: 2F
1-2: Foul Ball, location: 2F
1-2: Ball
2-2: Ball
3-2: Foul Ball, location: 2F
3-2: Ground out 5-3 (Groundball, 56)
Bottom of the 7th over - 1 run, 2 hits, 0 errors, 1 left on base; Put-In-Bay 1 - Alameda 3
TOP OF THE 8TH
Put-In-Bay BC batting - Pitching for Alameda Airmen : LHP Faisal bin Nabeel
Pitching: RHP Orlando Téllez
Now at 1B: Gérard Chesnutt
Batting: RHB Andrew Cantrell 0-0: Ball
1-0: Foul Ball, location: 2F
1-1: Called Strike
1-2: Ball
2-2: Foul Ball, location: 2F
2-2: Foul Ball, location: 2F
2-2: Foul Ball, location: 2F
2-2: Ball
3-2: Strikes out swinging
Batting: RHB Steven Rohrs 0-0: SINGLE (Line Drive, 7S)
Batting: RHB Manny Bendixen 0-0: Called Strike
0-1: Foul Ball, location: 2F
0-2: Ball
1-2: Strikes out swinging
Batting: SHB Theron Montecalvo 0-0: Ball
1-0: Called Strike
1-1: Foul Ball, location: 2F
1-2: Foul Ball, location: 2F
1-2: SINGLE (Line Drive, 89S)
Steven Rohrs to second
Batting: RHB Alejandro Márquez 0-0: Ball
1-0: Called Strike
1-1: Swinging Strike
1-2: Strikes out swinging
Top of the 8th over - 0 runs, 2 hits, 0 errors, 2 left on base; Put-In-Bay 1 - Alameda 3
BOTTOM OF THE 8TH
Alameda Airmen batting - Pitching for Put-In-Bay BC : RHP James Bennett
Batting: LHB Rodrigo Rodríguez 0-0: Ball
1-0: Ball
2-0: Ball
3-0: Called Strike
3-1: Called Strike
3-2: Foul Ball, location: 2F
3-2: Strikes out looking
Pitching: RHP Jeff Starr
Batting: RHB Joaquín Lara 0-0: Ball
1-0: Foul Ball, location: 2F
1-1: Called Strike
1-2: Ball
2-2: Strikes out swinging
Batting: RHB Mick Spargo 0-0: Ball
1-0: Ball
2-0: Foul Ball, location: 2F
2-1: Called Strike
2-2: Ball
3-2: Foul Ball, location: 2F
3-2: Base on Balls
Batting: RHB Mike Capes 0-0: Called Strike
0-1: Ball
Mick Spargo steals 2nd base
1-1: Swinging Strike
1-2: Hit by Pitch
Pinch Hitting: SHB Charles Weber 0-0: Fly out, F6 (Popup, 6MD)
Bottom of the 8th over - 0 runs, 0 hits, 0 errors, 2 left on base; Put-In-Bay 1 - Alameda 3
TOP OF THE 9TH
Put-In-Bay BC batting - Pitching for Alameda Airmen : RHP Orlando Téllez
Pitching: RHP Marvin Cahill
Now at 1B: Charles Weber
Batting: LHB Vladya Pugiev 0-0: Ground out 6-3 (Groundball, 6)
Batting: RHB Franklin Kelley 0-0: Swinging Strike
0-1: Ball
1-1: Swinging Strike
1-2: Ball
2-2: Foul Ball, location: 2F
2-2: Foul Ball, location: 2F
2-2: Strikes out swinging
Batting: RHB Oscar McMillan 0-0: Ball
1-0: Ball
2-0: Ball
3-0: Base on Balls
Pinch Hitting: RHB Mike Elzey 0-0: Ball
1-0: Ball
2-0: Swinging Strike
2-1: Foul Ball, location: 2F
2-2: Strikes out swinging
Top of the 9th over - 0 runs, 0 hits, 0 errors, 1 left on base; Put-In-Bay 1 - Alameda 3
Tuesday, December 19th, 2017 - OOTP Baseball 18.8 Build 76